 Dungeon Crawl Stone Soup version 0.31-a0-1074-g0b22e4e0f1 (webtiles) character file.

Game seed: 14706499747112781891

85 horus123 the Magician (level 4, -1/24 HPs)
             Began as a Deep Elf Earth Elementalist on Dec 6, 2023.
             Was an Initiate of Sif Muna.
             Succumbed to an adder's poison
             ... on level 4 of the Dungeon.
             The game lasted 00:03:10 (2248 turns).

horus123 the Magician (Deep Elf Earth Elementalist) Turns: 2248, Time: 00:03:11

Health: -1/24      AC:  2    Str:  5    XL:     4   Next: 25%
Magic:  5/14       EV: 12    Int: 22    God:    Sif Muna [......]
Gold:   165        SH:  0    Dex: 15    Spells: 11/15 levels left

rFire   . . .        d - staff of cold
rCold   + . .        (no shield)
rNeg    . . .        a - +0 robe
rPois   .            (no helmet)
rElec   .            (no cloak)
rCorr   .            (no gloves)
SInv    .            (no boots)
Will    .....        (no amulet)
Stlth   ++           (no ring)
HPRegen 0.24/turn    (no ring)
MPRegen 0.14/turn

%: no passive effects
@: lethally poisoned (-1 -> -10)
A: no striking features
a: Renounce Religion


You were on level 4 of the Dungeon.
You worshipped Sif Muna.
Sif Muna was noncommittal.
You visited 1 branch of the dungeon, and saw 4 of its levels.

You collected 165 gold pieces.

Inventory:

Armour
 a - a +0 robe (worn)
Magical Staves
 d - a staff of cold (weapon)
Scrolls
 c - 8 scrolls of identify {unknown}
 h - a scroll of torment {unknown}
 l - a scroll of vulnerability {unknown}
 m - a scroll of enchant weapon {unknown}
 o - a scroll of amnesia {unknown}
 p - a scroll of teleportation {unknown}
Potions
 b - a potion of magic
 e - 3 potions of curing {unknown}
 f - a potion of haste {unknown}
 g - a potion of lignification {unknown}
 i - 2 potions of attraction {unknown}
 j - a potion of heal wounds {unknown}
 k - a potion of degeneration {unknown}
 n - a potion of resistance {unknown}


   Skills:
 - Level 2.4 Dodging
 - Level 2.4 Stealth
 - Level 6.0 Spellcasting
 - Level 1.1 Transmutations
 + Level 3.6 Earth Magic


You had 11 spell levels left.
You knew the following spells:

 Your Spells              Type           Power      Damage    Failure   Level
a - Sandblast             Erth           44%        2d11      1%          1
b - Stone Arrow           Conj/Erth      28%        3d8       13%         3

Your spell library contained the following spells:

 Spells                   Type           Power      Damage    Failure   Level
 Passwall                 Tmut/Erth      14%        N/A       5%          2
 Wereblood                Tmut           11%        N/A       9%          2
 Blink                    Tloc           12%        N/A       14%         2
 Lesser Beckoning         Tloc           12%        N/A       14%         2
 Momentum Strike          Conj/Tloc      12%        3d8       14%         2
 Petrify                  Tmut/Erth      17%        N/A       34%         4
 Brom's Barrelling Bould  Conj/Erth      14%        2d4       41%         4
 Irradiate                Conj/Tmut      4%         3d13      90%         5


Dungeon Overview and Level Annotations

Branches:
Dungeon (4/15)
 Temple: D:4-7

Altars:
Ashenzari
Qazlal
Ru
Sif Muna
Xom


Message History

You kill the gnoll!
Sif Muna accepts your kill.
The blast of sand hits the gnoll!
The gnoll is almost dead.
The gnoll closely misses you. x2; The gnoll hits you with a +0 club.
Unknown command.
You are too injured to fight recklessly!
Aiming: Sandblast (safe; 2% risk of failure)
Press: ? - help, Q - select action Shift-Dir - straight line, f/p - gnoll
Aim: a gnoll, wielding a +0 club (almost dead, 85% to hit)
The blast of sand hits the gnoll!
You kill the gnoll!
Sif Muna accepts your kill. The adder bites you.
* * * LOW HITPOINT WARNING * * *
You are lethally poisoned!
The adder poisons you! The adder barely misses you.
The gnoll closely misses you.
Training target 6.0 for Spellcasting reached!
Your Spellcasting skill increases to level 6!
You need to enable at least one skill for training.
You have reached level 4!
You feel clever.
Aiming: Sandblast (safe; 2% risk of failure)
Press: ? - help, Q - select action Shift-Dir - straight line, f - gnoll
Aim: a gnoll, wielding a +0 flail (85% to hit)
The blast of sand hits the gnoll!
You kill the gnoll!
Sif Muna accepts your kill.
* * * LOW HITPOINT WARNING * * *
You feel sick. The adder bites you.
* * * LOW HITPOINT WARNING * * *
You are more poisoned.
The adder poisons you! The adder barely misses you.
Aiming: Sandblast (safe; 1% risk of failure)
Press: ? - help, Q - select action Shift-Dir - straight line, f - adder
Aim: an adder (72% to hit)
The blast of sand hits the adder!
The adder is almost dead.
You die...

. ###
..########..
...........
..........
.........
#...†#
#..)@#
......)S.#
........##
........#
....[...?
.........
..##....# ..
#....#


You could see an adder.

Vanquished Creatures
  3 gnolls (D:4)
  5 dart slugs
  An orc (D:3)
  3 endoplasms
  3 giant cockroaches
  5 goblins
  7 hobgoblins
  A quokka (D:1)
  2 ball pythons (D:1)
  5 bats
  2 frilled lizards (D:3)
  5 kobolds
  2 rats
44 creatures vanquished.

Notes
Turn   | Place    | Note
-------+----------+-------------------------------------------
     0 | D:1      | horus123 the Deep Elf Earth Elementalist began the quest
                  | for the Orb.
     0 | D:1      | Reached XP level 1. HP: 10/10 MP: 6/6
   318 | D:1      | You fall into a shaft and drop 1 floor!
   388 | D:2      | Reached skill level 4 in Spellcasting
   388 | D:2      | Reached XP level 2. HP: 15/15 MP: 6/9
   702 | D:2      | Reached XP level 3. HP: 19/19 MP: 6/11
   831 | D:2      | Learned a level 3 spell: Stone Arrow
   839 | D:2      | Reached skill level 5 in Spellcasting
  1079 | D:1      | Found a faded altar of an unknown god.
  1418 | D:2      | Found a shimmering altar of Xom.
  1679 | D:3      | Found a shimmering blue altar of Sif Muna.
  1693 | D:3      | Found a stormy altar of Qazlal.
  1695 | D:3      | Found a broken altar of Ashenzari.
  1713 | D:3      | Became a worshipper of Sif Muna the Loreminder
  1860 | D:3      | Found a sacrificial altar of Ru.
  2247 | D:4      | Reached skill level 6 in Spellcasting
  2247 | D:4      | Reached XP level 4. HP: 6/24 MP: 7/14
  2248 | D:4      | Succumbed to an adder's poison

Illustrated notes

Levels and vault maps discovered:
D:1:      sevenhm_arrival_forest_fort_large_4, layout_rooms, serial_glass,
          glass_columns_b, glass_columns_a, glass_columns_a, glass_columns_a,
          glass_columns_c, glass_columns_a, glass_columns_b, glass_columns_b,
          glass_columns_a, glass_columns_b, glass_columns_a, glass_columns_b,
          glass_columns_b, glass_columns_a, shapermc_ecumenical_altar_gd,
          kennysheep_flooded_box, kennysheep_doodads
D:2:      minmay_inner_zag, layout_rooms, basic_altar, interstate_on_off,
          minmay_pentomino_u2
D:3:      layout_rooms, nicolae_overflow_quartered_altars, serial_forest,
          infiniplex_forest_zigzag_2, infiniplex_forest_clump_long,
          infiniplex_forest_clump_double, infiniplex_forest_lined_2,
          infiniplex_forest_clump_small, infiniplex_forest_end_3,
          dreamdust_mushroom_princess
D:4:      layout_gridville

Skill      XL: |  1  2  3 |
---------------+----------+-----
Spellcasting   | 4 6 |  6.0
Dodging        | |  2.4
Stealth        | |  2.4
Transmutations | |  1.1
Earth Magic    | |  3.6

Action                     |  1- 3 |  4- 6 || total
---------------------------+-------+-------++-------
   Cast: Sandblast         |    64 |     2 ||    66
 Armour: Robe              |    11 |     1 ||    12
  Dodge: Dodged            |    13 |     1 ||    14

Table legend: (Time is in decaauts)
 A = Elapsed time spent in this place.
 B = Non-inter-level travel time spent in this place.
 C = Inter-level travel time spent in this place.
 D = Time resting spent in this place.
 E = Time spent auto-exploring this place.
 F = Levels seen in this place.
 G = Mean time per level.
                   A        B        C        D        E       F      G
               +--------+--------+--------+--------+--------+-----+--------+
         Total |   2279 |   2184 |     95 |     25 |   1895 |   4 |  569.8 |
       Dungeon |   2279 |   2184 |     95 |     25 |   1895 |   4 |  569.8 |
               +--------+--------+--------+--------+--------+-----+--------+

Top non-repeatable levels by time:
     D:1: 811 daAuts
     D:2: 810 daAuts
     D:3: 645 daAuts
     D:4: 12 daAuts
